 Dungeon Crawl Stone Soup version 0.28-a0-804-g60983d4ba9 (webtiles) character file.

Game seed: 17631009391368364105

506 porpoise the Magician (level 6, 0/32 HPs)
             Began as a Deep Elf Conjurer on Nov 7, 2021.
             Slain by Pikel (7 damage)
             ... on level 4 of the Dungeon.
             The game lasted 00:09:54 (3888 turns).

porpoise the Magician (Deep Elf Conjurer)           Turns: 3888, Time: 00:09:54

Health: 0/32       AC:  3    Str:  5    XL:     6   Next: 97%
Magic:  6/18       EV: 12    Int: 24    God:
Gold:   120        SH:  0    Dex: 13    Spells: 8/19 levels left

rFire   + . .      SeeInvis .   a - +1 whip (elec)
rCold   + . .      Faith    .   (no shield)
rNeg    . . .      Spirit   .   p - +1 robe {rC+ rF+}
rPois   .          Reflect  .   (no helmet)
rElec   .          Harm     .   (no cloak)
rCorr   .          Rampage  .   (no gloves)
Will    .....                   (no boots)
Stlth   ++........              (no amulet)
HPRegen 0.10/turn               (no ring)
MPRegen 0.16/turn               (no ring)

@: no status effects
A: no striking features
a: no special abilities


You were on level 4 of the Dungeon.
You visited 1 branch of the dungeon, and saw 4 of its levels.

You collected 120 gold pieces.

Inventory:

Hand Weapons
 a - a +1 whip of electrocution (weapon)
Missiles
 b - 2 stones
 g - 16 poisoned darts
 l - 21 sling bullets
Armour
 m - a +0 buckler of cold resistance
 p - a +1 robe of resistance (worn)
Magical Staves
 d - a staff of air
Wands
 n - a wand of flame (12)
Scrolls
 c - a scroll of fear {unknown}
 f - a scroll of noise {unknown}
 i - a scroll of identify {unknown}
 k - a scroll of enchant weapon {unknown}
 o - a scroll of enchant armour {unknown}
 q - a scroll of magic mapping {unknown}
 s - a scroll of brand weapon {unknown}
Potions
 e - a potion of heal wounds {unknown}
 h - a potion of lignification {unknown}
 j - a potion of berserk rage {unknown}
 r - a potion of haste {unknown}


   Skills:
 - Level 2.4 Dodging
 - Level 2.4 Stealth
 - Level 7.0 Spellcasting
 - Level 5.3 Conjurations
 + Level 5.4 Hexes
 + Level 1.7 Translocations


You had 8 spell levels left.
You knew the following spells:

 Your Spells              Type           Power      Damage    Failure   Level
a - Magic Dart            Conj           100%       1d8       1%          1
b - Searing Ray           Conj           68%        2d6       1%          2
c - Fulminant Prism       Conj/Hex       17%        3d11      8%          4
d - Iskenderun's Mystic   Conj/Tloc      25%        2d7       17%         4

Your spell library contained the following spells:

 Spells                   Type           Power      Damage    Failure   Level
 Dazzling Flash           Conj/Hex       68%        N/A       2%          3


Dungeon Overview and Level Annotations

Branches:
Dungeon (4/15)
 Temple: D:4-7

Altars:
Cheibriados
Dithmenos
Gozag
Trog
Yredelemnul

Shops:
D:2 [

Annotations:
D:4 Pikel


Message History

Pikel hits you with a +2 whip of electrocution!
The searing ray hits the lemure.
The lemure is severely wounded.
You finish channelling your searing ray.
The lemure hits you.
Pikel hits you with a +2 whip of electrocution!
Casting: Searing Ray (safe; 1% risk of failure)
Confirm with . or Enter, or press ? or * to list all spells.
Aiming: Searing Ray (safe; 1% risk of failure)
Press: ? - help, Shift-Dir - straight line, f - Pikel, p - lemure
Aim: Pikel, wielding a +2 whip of electrocution and wearing a +0 robe (heavily wounded, 76% to hit)
The searing ray hits Pikel!
Pikel is severely wounded.
The searing ray hits the lemure but does no damage.
The lemure is severely wounded. (Press . to maintain the ray.)
The searing ray hits Pikel.
Pikel is severely wounded.
Pikel hits you but does no damage.
The searing ray hits Pikel.
Pikel is almost dead.
Pikel closely misses you.
The searing ray hits Pikel but does no damage.
Pikel is almost dead.
You finish channelling your searing ray.
Pikel barely misses you.
Casting: Searing Ray (safe; 1% risk of failure)
Confirm with . or Enter, or press ? or * to list all spells.
Aiming: Searing Ray (safe; 1% risk of failure)
Press: ? - help, Shift-Dir - straight line, f/p - Pikel
Aim: Pikel, wielding a +2 whip of electrocution and wearing a +0 robe (almost dead, 76% to hit)
The searing ray hits Pikel.
Pikel is almost dead. (Press . to maintain the ray.) Pikel hits you with a +2 whip of electrocution.
* * * LOW HITPOINT WARNING * * *
The searing ray hits Pikel.
Pikel is almost dead.
Pikel hits you with a +2 whip of electrocution!
You die...

#...# #≈≈≈.≈≈≈P
#...# ♣≈≈.≈≈≈♣
#..≈≈≈≈≈≈. #...#
♣≈P.≈≈P♣
#.P≈≈≈.≈≈♣# ##..##
♣♣≈≈.≈P≈♣
#.P.≈≈≈≈≈.#
#...###≈♣≈.≈≈P≈
#..≈≈≈≈.≈.#
##.......♣≈.≈≈P≈
#..≈≈≈≈≈≈P#
###.........≈.≈≈≈≈
#.P≈.≈≈÷..#
##.K5####..........
#..≈≈≈≈≈≈####.@###
#......≈≈≈≈
###..♣≈≈≈≈≈.#...##
#....≈≈≈≈≈≈
....#.P≈≈≈♣...###
#....≈≈P≈≈≈
#####..P.P..###
#...[#≈≈≈≈≈
......##...##
#.....#♣≈≈P
..PPP....### ###...
#≈≈≈ .P≈≈≈≈P.## ###
##♣≈ ≈≈♣P≈≈≈≈P# #♣
P♣♣♣♣♣≈P## #


You could see Pikel and a lemure.

Vanquished Creatures
  Sigmund (D:4)
  A kobold brigand (D:3)
  3 lemures (D:4)
  A howler monkey (D:4)
  A hound (D:4)
  Natasha (twice) (D:4)
  4 gnolls (D:4)
  2 adders
  An adder skeleton (D:4)
  4 worms
  4 dart slugs
  6 ball pythons
  3 bats
  8 endoplasms
  2 giant cockroaches
  10 goblins
  7 hobgoblins
  3 jackals (D:4)
  5 kobolds
  3 quokkas (D:1)
  A frilled lizard (D:3)
  3 rats
75 creatures vanquished.

Vanquished Creatures (others)
  18 plants (D:4)
18 creatures vanquished.

Grand Total: 93 creatures vanquished

Notes
Turn   | Place    | Note
-------+----------+-------------------------------------------
     0 | D:1      | porpoise the Deep Elf Conjurer began the quest for the Orb.
     0 | D:1      | Reached XP level 1. HP: 10/10 MP: 6/6
   212 | D:1      | Reached XP level 2. HP: 15/15 MP: 5/8
   217 | D:1      | Learned a level 2 spell: Searing Ray
   841 | D:2      | Reached skill level 4 in Spellcasting
   946 | D:2      | Reached skill level 5 in Conjurations
   946 | D:2      | Reached XP level 3. HP: 19/19 MP: 6/10
  1267 | D:2      | Found a snail-covered altar of Cheibriados.
  1403 | D:2      | Found Inwuke's Armour Emporium.
  1897 | D:2      | Reached XP level 4. HP: 24/24 MP: 7/12
  1937 | D:2      | Learned a level 4 spell: Fulminant Prism
  1942 | D:2      | Learned a level 4 spell: Iskenderun's Mystic Blast
  2045 | D:3      | Found an opulent altar of Gozag.
  2067 | D:3      | Found a shadowy altar of Dithmenos.
  2081 | D:3      | Found a basalt altar of Yredelemnul.
  2081 | D:3      | Noticed a kobold brigand
  2093 | D:3      | Killed a kobold brigand
  2094 | D:3      | Reached skill level 5 in Spellcasting
  2094 | D:3      | Reached XP level 5. HP: 24/28 MP: 2/14
  2548 | D:3      | Found a bloodstained altar of Trog.
  2942 | D:4      | Noticed Sigmund
  2951 | D:4      | Killed Sigmund
  2952 | D:4      | Reached skill level 6 in Spellcasting
  2952 | D:4      | Reached XP level 6. HP: 20/32 MP: 8/17
  3437 | D:4      | Noticed Natasha
  3442 | D:4      | Killed Natasha
  3443 | D:4      | Reached skill level 7 in Spellcasting
  3532 | D:4      | Noticed Pikel
  3643 | D:4      | Reached skill level 5 in Hexes
  3704 | D:4      | Noticed Natasha
  3709 | D:4      | Killed Natasha
  3710 | D:4      | Reached skill level 1 in Translocations
  3888 | D:4      | Slain by Pikel

Illustrated notes

Levels and vault maps discovered:
D:1:      lightli_arrival_flooded_house, layout_rooms
D:2:      layout_loops_corners, basic_altar, serial_shops, shop,
          grunt_ministairs_14
D:3:      layout_loops_ring, mainiacjoe_overflow_brackets,
          mainiacjoe_overflow_boulevard, mainiacjoe_overflow_catch_the_wave
D:4:      layout_cave_pods, serial_bayou, serial_bayou_shore_b,
          serial_bayou_pond_c, serial_bayou_lagoon_b, serial_bayou_pond_b,
          serial_bayou_shore_a, serial_bayou_ford_a, grunt_decor_resistance,
          minmay_shop_damaged, uniq_pikel, uniq_sigmund, uniq_natasha

Skill      XL: |  1  2  3  4  5  6 |
---------------+-------------------+-----
Spellcasting   | 4 5 6 7 |  7.0
Conjurations   | 5 |  5.3
Hexes          | 2 4 5 |  5.4
Translocations | 1 |  1.7
Dodging        | |  2.4
Stealth        | |  2.4

Action                   |  1- 3 |  4- 6 || total
-------------------------+-------+-------++-------
Melee: Short sword       |     2 |       ||     2
 Cast: Magic Dart        |    65 |    50 ||   115
       Searing Ray       |     5 |    20 ||    25
Armor: Robe              |     3 |     3 ||     6
Dodge: Dodged            |     8 |    13 ||    21

Table legend: (Time is in decaauts)
 A = Elapsed time spent in this place.
 B = Non-inter-level travel time spent in this place.
 C = Inter-level travel time spent in this place.
 D = Time resting spent in this place.
 E = Time spent auto-exploring this place.
 F = Levels seen in this place.
 G = Mean time per level.
                   A        B        C        D        E       F      G
               +--------+--------+--------+--------+--------+-----+--------+
         Total |   3896 |   3776 |    120 |   1632 |   1680 |   4 |  974.0 |
       Dungeon |   3896 |   3776 |    120 |   1632 |   1680 |   4 |  974.0 |
               +--------+--------+--------+--------+--------+-----+--------+

Top non-repeatable levels by time:
     D:2: 1271 daAuts
     D:4: 999 daAuts
     D:3: 920 daAuts
     D:1: 704 daAuts
